 Dungeon Crawl Stone Soup version 0.23-a0-143-g1adec7bb76 (webtiles) character file.

13815 PikkenKukken the Slicer (level 11, -4/86 HPs)
             Began as a Demonspawn Fighter on Sept 5, 2018.
             Was a Follower of Uskayaw.
             Slain by Snorg (10 damage)
             ... on level 3 of the Lair of Beasts.
             The game lasted 00:26:57 (11501 turns).

PikkenKukken the Slicer (Demonspawn Fighter)       Turns: 11501, Time: 00:26:58

Health: -4/86      AC: 12    Str: 18    XL:     11   Next: 80%
Magic:  0/16       EV: 14    Int:  9    God:    Uskayaw [*.....]
Gold:   1269       SH: 12    Dex: 20    Spells: 10/10 levels left

rFire    . . .     SeeInvis +   s - +2 rapier (freeze)
rCold    + . .     Gourm    .   c - +1 shield
rNeg     . . .     Faith    .   i - +1 chain mail {rC+}
rPois    .         Spirit   +   B - +1 hat {SInv}
rElec    +         Reflect  .   u - scarf {cloud immunity}
rCorr    .         Harm     .   (no gloves)
MR       +....     Clarity  +   (no boots)
Stlth    ..........             a - amulet of regeneration
HPRegen  0.64/turn              n - ring of see invisible
MPRegen  0.15/turn              (no ring)

@: agile, lethally poisoned (-4 -> -6)
A: claws 2, talons 1, clarity, low mp 1, magic resistance 1, sense surroundings
1, powered by pain 1, electricity resistance, magic shield
a: Stomp, Renounce Religion


You were on level 3 of the Lair of Beasts.
You worshipped Uskayaw.
Uskayaw was aware of your devotion.
You were very hungry.

You visited 2 branches of the dungeon, and saw 15 of its levels.
You visited the Abyss 1 time.
You also visited: Bailey.

You collected 1293 gold pieces.
You spent 24 gold pieces at shops.

Inventory:

Hand Weapons
 s - a +2 rapier of freezing (weapon)
Armour
 c - a +1 shield (worn)
 i - a +1 chain mail of cold resistance (worn)
 u - a scarf of cloud immunity (worn)
 B - a +1 hat of see invisible (worn)
Jewellery
 a - an amulet of regeneration (around neck)
 n - a ring of see invisible (left claw)
Wands
 b - a wand of iceblast (7)
 A - a wand of enslavement (20)
Scrolls
 e - 3 scrolls of enchant weapon
 k - 8 scrolls of teleportation
 o - a scroll of amnesia
 z - 4 scrolls of remove curse
 D - a scroll of enchant armour
Potions
 d - 2 potions of might
 h - a potion of agility
 l - a potion of mutation
 m - 2 potions of invisibility
 p - 2 potions of haste
 q - a potion of magic
 r - a potion of berserk rage
 t - a potion of ambrosia
 w - a potion of brilliance
 x - 6 potions of curing
 C - a potion of cancellation
Comestibles
 f - 24 rations


   Skills:
 + Level 8.1 Fighting
 * Level 10.0 Short Blades
 + Level 7.5 Armour
 - Level 5.2 Dodging
 + Level 7.4 Shields
 + Level 9.5 Invocations


You had 10 spell levels left.
You didn't know any spells.
Your spell library contained the following spells:

 Spells                   Type           Power        Failure   Level  Hunger
 Animate Skeleton         Necr           N/A          100%        1    ##.....
 Pain                     Necr           #...         100%        1    ##.....
 Regeneration             Chrm/Necr      #.........   100%        3    ####...
 Vampiric Draining        Necr           #.........   100%        3    ####...
 Animate Dead             Necr           N/A          100%        4    #####..


Dungeon Overview and Level Annotations

Branches:
Dungeon (12/15)            Temple (0/1) D:4            Lair (3/6) D:9
  Swamp (0/4) Lair:2
  Snake: Lair:2-4    Spider: Lair:2-4       Orc: D:9-12

Altars:
Dithmenos
Elyvilon
Fedhas
Gozag
Makhleb
Nemelex Xobeh
Sif Muna
Trog
Uskayaw
Vehumet
Yredelemnul
Zin

Shops:
D:7 }   D:8 ?

Annotations:
Lair:2 3 runed doors, exclusion: oklob plant, P0WERM0DE's ghost, journeyman DDFi; Qoideq's ghost, journeyman MfGl; Suz Xeezy's ghost, journeyman VSMo; Weniyrad's ghost, journeyman DsBe; Xiuny's ghost, journeyman GrFi
Lair:3 Snorg


Innate Abilities, Weirdness & Mutations

You have very sharp fingernails.
You have sharp toenails.
You sometimes gain a little power by taking damage.
When hurt, damage is shared between your health and your magic reserves.
You possess an exceptional clarity of mind.
Your magical capacity is low. (-10% MP)
You are resistant to hostile enchantments. (MR+)
You passively map a small area around you.
You are resistant to electric shocks. (rElec)


Message History

You closely miss Snorg.
Snorg is severely wounded.
You block the black mamba's attack. Snorg barely misses you. Snorg claws you!
* * * LOW HITPOINT WARNING * * *
You block Snorg's attack.
You don't have enough magic at the moment.
You hit Snorg. You freeze Snorg. You claw Snorg!
Snorg is almost dead.
The black mamba bites you but does no damage.
You block Snorg's attack. Snorg barely misses you. You block Snorg's attack.
The black mamba bites you!
* * * LOW HITPOINT WARNING * * *
You are poisoned.
The black mamba poisons you!
You completely miss Snorg.
Snorg is almost dead.
You feel sick. Snorg bites you.
* * * LOW HITPOINT WARNING * * *
Snorg closely misses you. Snorg claws you!
You die...

#... **#......#*
..... #......##
, ,
.....###........
......#........,
* * , , *
.......#.....#
.........#..# *
, ..#..##...#.#
# #..TS.# , ,
......#.@.## ,
...........#
.......#.†.#
.......#...#* *
...######...* ,
..* , ,#.... ,
,.#...#* , , * .
#... , . ...♣ ,


You could see Snorg (berserk) and a black mamba.

Vanquished Creatures
  Gastronok (D:9)
  2 hydras
  An orc knight (Bailey)
  A guardian serpent (D:9)
  Psyche (D:9)
  3 spiny frogs (Lair:1)
  A komodo dragon (Lair:2)
  A freezing wraith (Abyss:1)
  3 hippogriffs
  2 dream sheep (D:8)
  A ynoxinul (Abyss:1)
  9 yaks
  A chaos spawn (Abyss:1)
  2 hungry ghosts
  The ghost of Vesto the Slasher, an amateur DsWn (D:5)
  Menkaure (D:6)
  2 swamp worms (Lair:2)
  4 water moccasins
  A porcupine (D:9)
  6 orc warriors
  2 black bears
  An eye of draining (D:9)
  2 ice beasts
  5 sky beasts
  3 phantoms
  2 ogres
  4 centaurs
  4 crocodiles
  5 big kobolds
  5 bullfrogs
  A scorpion (D:7)
  2 small abominations (Abyss:1)
  A howler monkey (D:9)
  A jelly (D:7)
  4 crimson imps
  3 bullfrog zombies
  2 quasits
  2 hounds (D:6)
  A bullfrog skeleton (D:5)
  4 orc priests
  2 gnoll shamans
  4 iguanas
  8 orc wizards
  10 worker ants
  2 hound skeletons (D:7)
  A worker ant zombie (D:6)
  8 gnolls
  8 adders
  3 shadow imps
  An ooze (D:3)
  2 worms
  A dart slug (D:2)
  5 leopard geckos
  47 orcs
  5 giant cockroaches
  10 goblins
  4 hobgoblins
  13 jackals
  30 kobolds
  7 quokkas
  8 bats
  2 frilled lizards
  A jackal skeleton (D:7)
  A kobold skeleton (Abyss:1)
  A leopard gecko skeleton (D:7)
  14 rats
296 creatures vanquished.

Vanquished Creatures (others)
  A bush (Lair:1)
  15 fungi (D:9)
  6 plants (D:9)
22 creatures vanquished.

Grand Total: 318 creatures vanquished

Notes
Turn   | Place    | Note
-------+----------+-------------------------------------------
     0 | D:1      | PikkenKukken the Demonspawn Fighter began the quest for the
                  | Orb.
     0 | D:1      | Reached XP level 1. HP: 18/18 MP: 1/1
   231 | D:1      | Reached skill level 2 in Short Blades
   485 | D:1      | Gained mutation: You have sharp toenails. [demonic
                  | ancestry]
   485 | D:1      | Reached XP level 2. HP: 22/24 MP: 2/2
   535 | D:1      | Gained mutation: You have razor-sharp toenails. [potion of
                  | mutation]
   535 | D:1      | Gained mutation: Scrolls take you a little longer to read.
                  | [potion of mutation]
   535 | D:1      | Lost mutation: Scrolls take you a little longer to read.
                  | [potion of mutation]
   535 | D:1      | Gained mutation: You are resistant to hostile enchantments.
                  | (MR+) [potion of mutation]
   958 | D:2      | Reached XP level 3. HP: 20/29 MP: 3/3
  1073 | D:2      | Found a burning altar of Makhleb.
  1103 | D:2      | Found a glowing silver altar of Zin.
  1103 | D:2      | Noticed an angel
  1104 | D:2      | Noticed a balrug
  1161 | D:2      | Found a bloodstained altar of Trog.
  1180 | D:2      | Found a basalt altar of Yredelemnul.
  1180 | D:2      | Found a shadowy altar of Dithmenos.
  1180 | D:2      | Found a white marble altar of Elyvilon.
  1194 | D:2      | Found a hide-covered altar of Uskayaw.
  1200 | D:2      | Found a blossoming altar of Fedhas.
  1201 | D:2      | Found a deep blue altar of Sif Muna.
  1210 | D:2      | Became a worshipper of Uskayaw the Reveler
  1287 | D:2      | Reached * piety under Uskayaw
  1388 | D:2      | Reached ** piety under Uskayaw
  1390 | D:2      | Reached *** piety under Uskayaw
  1531 | D:2      | Found a sparkling altar of Nemelex Xobeh.
  1532 | D:2      | Found an opulent altar of Gozag.
  1714 | D:3      | Gained mutation: You have sharp fingernails. [demonic
                  | ancestry]
  1714 | D:3      | Reached XP level 4. HP: 35/35 MP: 4/4
  1775 | D:2      | Reached skill level 1 in Invocations
  2031 | D:2      | Reached skill level 3 in Short Blades
  2140 | D:2      | Gained mutation: When hurt, damage is shared between your
                  | health and your magic reserves. [demonic ancestry]
  2140 | D:2      | Reached XP level 5. HP: 32/41 MP: 6/6
  2527 | D:3      | Noticed a sky beast
  2546 | D:3      | Killed a sky beast
  2546 | D:3      | Reached XP level 6. HP: 48/48 MP: 7/7
  3182 | D:4      | Reached skill level 4 in Short Blades
  3553 | D:4      | Found a staircase to the Ecumenical Temple.
  3570 | D:4      | Reached XP level 7. HP: 46/54 MP: 6/9
  3904 | D:5      | Entered Level 5 of the Dungeon
  4273 | D:5      | Found a runed door.
  4274 | D:5      | Noticed Vesto's ghost (amateur DsWn)
  4319 | D:5      | Killed Vesto's ghost
  4319 | D:5      | Reached skill level 5 in Short Blades
  4319 | D:5      | Reached skill level 1 in Dodging
  4797 | D:5      | Reached XP level 8. HP: 50/61 MP: 7/11
  4887 | D:5      | Reached **** piety under Uskayaw
  5251 | D:6      | Noticed Menkaure
  5256 | D:6      | Reached skill level 5 in Fighting
  5261 | D:6      | Killed Menkaure
  5476 | D:6      | Reached skill level 5 in Invocations
  5589 | D:6      | Found a radiant altar of Vehumet.
  5728 | D:7      | Cast into level 1 of the Abyss (a distortion unwield)
  5854 | Abyss:1  | Reached skill level 6 in Short Blades
  5867 | Abyss:1  | Reached ***** piety under Uskayaw
  5870 | Abyss:1  | Reached skill level 5 in Armour
  5883 | Abyss:1  | Noticed a smoke demon
  5963 | Abyss:1  | Noticed a freezing wraith
  5973 | Abyss:1  | Gained mutation: You have very sharp fingernails. [demonic
                  | ancestry]
  5973 | Abyss:1  | Reached XP level 9. HP: 62/68 MP: 8/13
  5975 | Abyss:1  | Killed a freezing wraith
  5975 | Abyss:1  | Reached skill level 5 in Shields
  5984 | D:7      | Escaped the Abyss
  6131 | D:7      | Found Veasinomul's Gadget Emporium.
  6242 | D:7      | Lost mutation: You have razor-sharp toenails. [potion of
                  | mutation]
  6242 | D:7      | Gained mutation: You passively map a small area around you.
                  | [potion of mutation]
  6242 | D:7      | Gained mutation: Your magical capacity is low. (-10% MP)
                  | [potion of mutation]
  6242 | D:7      | Gained mutation: You possess an exceptional clarity of
                  | mind. [potion of mutation]
  6242 | D:7      | Gained mutation: You are resistant to electric shocks.
                  | (rElec) [potion of mutation]
  6344 | D:7      | Reached skill level 7 in Short Blades
  6613 | D:8      | Found Wicuem's Magic Scroll Boutique.
  6617 | D:8      | Bought a scroll of identify for 24 gold pieces
  6665 | D:8      | Got a pair of pitted boots
  6671 | D:8      | Identified the +0 pair of boots "Juheotiwk" {rElec Dex-4
                  | Stlth+} (You found it on level 8 of the Dungeon)
  7445 | D:8      | Noticed a two-headed hydra
  7454 | D:8      | Reached XP level 10. HP: 59/77 MP: 10/13
  7457 | D:8      | Killed a two-headed hydra
  7460 | D:8      | Reached ****** piety under Uskayaw
  7594 | D:8      | Reached skill level 8 in Short Blades
  8228 | D:9      | Noticed a guardian serpent
  8238 | D:9      | HP: 3/77 [guardian serpent (17)]
  8240 | D:9      | Killed a guardian serpent
  8564 | D:9      | Noticed an eight-headed hydra
  8572 | D:9      | Killed an eight-headed hydra
  8678 | D:9      | Found a staircase to the Lair.
  8719 | D:9      | Noticed Gastronok
  8734 | D:9      | Killed Gastronok
  8734 | D:9      | Reached skill level 9 in Short Blades
  8734 | D:9      | Reached skill level 5 in Dodging
  8734 | D:9      | Gained mutation: You sometimes gain a little power by
                  | taking damage. [demonic ancestry]
  8734 | D:9      | Reached XP level 11. HP: 73/84 MP: 12/15
  8889 | D:9      | Noticed Psyche
  8898 | D:9      | Killed Psyche
  9166 | D:10     | Entered Level 10 of the Dungeon
  9401 | D:10     | Found a flagged portal.
  9414 | Bailey   | Entered a bailey
  9630 | Bailey   | Noticed an orc knight
  9655 | Bailey   | Killed an orc knight
  9908 | D:10     | You fall through a shaft for 2 floors!
  9996 | Lair:1   | Entered Level 1 of the Lair of Beasts
 11006 | Lair:2   | Reached skill level 10 in Short Blades
 11030 | Lair:2   | Found a staircase to the Swamp.
 11189 | Lair:2   | Found a runed gate.
 11190 | Lair:2   | Found a runed gate.
 11191 | Lair:2   | Found a runed gate.
 11192 | Lair:2   | Noticed P0WERM0DE's ghost (journeyman DDFi)
 11192 | Lair:2   | Noticed Xiuny's ghost (journeyman GrFi)
 11192 | Lair:2   | Noticed Weniyrad's ghost (journeyman DsBe)
 11192 | Lair:2   | Noticed Qoideq's ghost (journeyman MfGl)
 11192 | Lair:2   | Noticed Suz Xeezy's ghost (journeyman VSMo)
 11329 | Lair:2   | Noticed an oklob plant
 11445 | Lair:3   | Noticed Snorg
 11501 | Lair:3   | Slain by Snorg

Vault maps used:
D:1:      minmay_arrival_split_and_join, bh_walls_and_bars
D:2:      grunt_temple_overflow_opulence,
          grunt_temple_overflow_order_and_chaos_2, minitemple,
          minmay_rat_gold_closets
D:3:      minivault_27
D:4:      temple_doors_ab
D:5:      gammafunk_ghost_grave, first_ration
D:6:      old_standard_altar, uniq_menkaure
D:7:      serial_shops, nicolae_shop_behind_doors
D:8:      serial_shops, nicolae_shop_crystal, hangedman_ranch
D:9:      grunt_lair_entry_orc_guard_hut, nrook_guardian_serpent_ordinary,
          uniq_gastronok, uniq_psyche
D:10:     enter_bailey_1
D:12:     orc_0_dummy, nicolae_transmutations_shop, uniq_azrael, uniq_nergalle
Lair:2:   minmay_swamp_entry_worms, gammafunk_ghost_cemetery,
          minmay_lair_oklob_items
Lair:3:   grunt_megastairs_4, serial_bayou_shore_b, uniq_snorg
Abyss:1:  abyss_furniture_001
Bailey:   bailey_axe_1, bailey

Skill      XL: |  1  2  3  4  5  6  7  8  9 10 11 |
---------------+----------------------------------+-----
Short Blades   | 2 3 4 5 6 7 9 10 | 10.0
Armour         | 3 4 5 6 7 |  7.5
Shields        | 3 4 5 6 7 |  7.4
Invocations    | 1 2 3 4 5 7 8 9 |  9.5
Fighting       | 4 5 6 7 8 |  8.1
Dodging        | 1 2 3 5 |  5.2

Action                   |  1- 3 |  4- 6 |  7- 9 | 10-12 || total
-------------------------+-------+-------+-------+-------++-------
Melee: Rapier            |   117 |   175 |   431 |   384 ||  1107
       Kick              |    17 |    51 |   133 |   157 ||   358
       Dagger            |       |       |       |    67 ||    67
Invok: Stomp             |       |     1 |     4 |       ||     5
       Grand Finale      |       |       |       |     1 ||     1
       Line Pass         |       |       |       |     4 ||     4
Evoke: Wand              |       |       |       |    10 ||    10
  Use: Scroll            |    12 |     4 |     6 |     5 ||    27
       Potion            |     2 |     1 |     2 |     7 ||    12
 Stab: Paralysed         |     1 |     2 |    15 |    16 ||    34
       Confused          |       |       |       |     2 ||     2
  Eat: Chunk             |     2 |     7 |     7 |    17 ||    33
       Ration            |       |       |     2 |       ||     2
Armor: Scale mail        |    30 |       |       |       ||    30
       Ring mail         |    14 |       |       |       ||    14
       Chain mail        |       |    76 |   223 |   115 ||   414
Dodge: Dodged            |    39 |    30 |    95 |    90 ||   254
Block: Shield            |    51 |    91 |   259 |   215 ||   616

Table legend:
 A = Non-vault XP
 B = Vault XP
 C = Vault XP percentage of total XP
 D = Non-vault monster count
 E = Vault monster count
 F = Vault count percentage of total count
                 A         B        C        D         E       F
            +---------+---------+-------+---------+---------+-------
      Total |   12192 |    7545 |  38.2 |     240 |      56 |  18.9
            +---------+---------+-------+---------+---------+-------
        D:1 |      16 |       0 |   0.0 |      11 |       0 |   0.0
        D:2 |     195 |       5 |   2.5 |      27 |       5 |  15.6
        D:3 |     304 |       0 |   0.0 |      28 |       0 |   0.0
        D:4 |     410 |       0 |   0.0 |      15 |       0 |   0.0
        D:5 |     523 |     176 |  25.2 |      16 |       1 |   5.9
        D:6 |     492 |     172 |  25.9 |      19 |       1 |   5.0
        D:7 |    1126 |       0 |   0.0 |      32 |       0 |   0.0
        D:8 |    1077 |    2177 |  66.9 |      26 |       8 |  23.5
        D:9 |    2608 |    3630 |  58.2 |      22 |       7 |  24.1
       D:10 |     935 |       0 |   0.0 |      18 |       0 |   0.0
       D:11 |      33 |       0 |   0.0 |       1 |       0 |   0.0
     Lair:1 |    2635 |       0 |   0.0 |      11 |       0 |   0.0
     Lair:2 |     856 |     321 |  27.3 |       6 |       2 |  25.0
     Lair:3 |      96 |       0 |   0.0 |       1 |       0 |   0.0
    Abyss:1 |     886 |       0 |   0.0 |       7 |       0 |   0.0
     Bailey |       0 |    1064 | 100.0 |       0 |      32 | 100.0
            +---------+---------+-------+---------+---------+-------
